 Dungeon Crawl Stone Soup version 0.25-a0-701-gb30f108 (webtiles) character file.

Game seed: 11957174188093986071, levelgen mode: deterministic

7583 BlueFish the Grappler (level 10, -7/96 HPs)
             Began as a Troll Hunter on Apr 3, 2020.
             Was a Believer of Wu Jian.
             Mangled by a freezing wraith (20 damage)
             ... led by a death knight
             ... on level 11 of the Dungeon.
             The game lasted 00:14:47 (8366 turns).

BlueFish the Grappler (Troll Hunter)                Turns: 8366, Time: 00:14:48

Health: -7/96      AC:  9    Str: 25    XL:     10   Next: 97%
Magic:  9/9        EV: 11    Int:  7    God:    Wu Jian [**....]
Gold:   589        SH:  4    Dex: 10    Spells: 9/9 levels left

rFire    . . .     SeeInvis .     - Unarmed
rCold    . . .     Gourm    +   (no shield)
rNeg     + . .     Faith    .   b - +1 robe
rPois    .         Spirit   .   a - +2 hat
rElec    .         Reflect  +   (no cloak)
rCorr    .         Harm     .   (gloves unavailable)
MR       .....                  (boots unavailable)
Stlth    ++........             z - +4 amulet of reflection
HPRegen  0.66/turn              n - +2 ring of slaying
MPRegen  0.11/turn              F - ring of positive energy

@: slowed, very slow
A: large, unfitting armour, claws 3, fast metabolism 3, gourmand, regeneration
1, shaggy fur 1, tough skin 3
a: Wall Jump, Renounce Religion


You were on level 11 of the Dungeon.
You worshipped Wu Jian.
Wu Jian was pleased with you.
You were completely stuffed.

You visited 2 branches of the dungeon, and saw 12 of its levels.
You also visited: Sewer.

You collected 589 gold pieces.

Inventory:

Missiles
 c - 5 large rocks (quivered)
 d - 2 throwing nets
Armour
 a - a +2 hat (worn)
 b - a +1 robe (worn)
Jewellery
 n - a +2 ring of slaying (left claw)
 r - an uncursed ring of flight
 z - a +4 amulet of reflection (around neck)
 F - a ring of positive energy (right claw)
 G - an uncursed amulet of faith {unknown}
Wands
 m - a wand of paralysis (12)
 t - a wand of flame (23)
 u - a wand of digging (4)
 v - a wand of scattershot (5)
 E - a wand of random effects (18)
Scrolls
 h - 6 scrolls of remove curse
 i - 3 scrolls of blinking
 j - 2 scrolls of magic mapping
 l - 7 scrolls of amnesia
 q - a scroll of enchant armour
 w - 6 scrolls of teleportation
 x - a scroll of summoning
 y - 2 scrolls of fear
 D - a scroll of enchant weapon
Potions
 e - 2 potions of haste
 g - 4 potions of brilliance
 k - a potion of flight
 o - a potion of lignification
 s - a potion of curing
 A - a potion of might {unknown}
 C - a potion of degeneration {unknown}
 H - a potion of berserk rage
Comestibles
 f - 18 rations
 B - 7 chunks of flesh


   Skills:
 * Level 5.1 Fighting
 + Level 4.1 Throwing
 + Level 5.0 Dodging
 + Level 2.2 Stealth
 * Level 13.6 Unarmed Combat


You had 9 spell levels left.
You didn't know any spells.
Your spell library contained the following spells:

 Spells                   Type           Power        Failure   Level  Hunger
 Apportation              Tloc           #.....       43%         1    ##.....
 Summon Butterflies       Summ           #.......     43%         1    ##.....
 Blink                    Tloc           N/A          56%         2    ###....
 Shroud of Golubria       Chrm/Tloc      #.....       56%         2    ###....
 Call Canine Familiar     Summ           #.......     80%         3    ####...
 Gell's Gravitas          Tloc           #.........   80%         3    ####...
 Lesser Beckoning         Tloc           #.........   80%         3    ####...
 Teleport Other           Tloc           #.......     80%         3    ####...
 Tukima's Dance           Hex            #.......     80%         3    ####...
 Passage of Golubria      Tloc           N/A          99%         4    #####..
 Summon Ice Beast         Ice/Summ       #.......     99%         4    #####..
 Alistair's Intoxication  Tmut/Pois      #.......     100%        5    ######.
 Summon Mana Viper        Hex/Summ       #.......     100%        5    ######.
 Invisibility             Hex            #.......     100%        6    #######
 Summon Hydra             Summ           #.........   100%        7    #######


Dungeon Overview and Level Annotations

Branches:
Dungeon (11/15)            Temple (1/1) D:7            Lair (0/6) D:9
    Orc (0/2) D:11          Sewer (visited)

Altars:
Ashenzari
Cheibriados
Elyvilon
Fedhas
Gozag
Hepliaklqana
Kikubaaqudgha
Makhleb
Nemelex Xobeh
Okawaru
Qazlal
Ru
Sif Muna
Uskayaw
Vehumet
Wu Jian
Xom
Yredelemnul
Zin
The Shining One

Shops:
D:10 *

Annotations:
D:6 3 runed translucent doors, pyrow613's ghost, novice DgAE
D:11 Fannar


Innate Abilities, Weirdness & Mutations

You are too large for most types of armour.
You have claws for hands.
Your metabolism is lightning-fast.
You like to eat raw meat.
Your natural rate of healing is unusually fast.
You are covered in fur. (AC +1)
You have extremely tough skin. (AC +3)


Message History

The freezing wraith hits you but does no damage.
You feel much better.
The ice beast hits you but does no damage.
Fannar hits you but does no damage.
The freezing wraith hits you but does no damage.
The freezing wraith barely misses you. The freezing wraith hits you.
The freezing wraith freezes you!
* * * LOW HITPOINT WARNING * * *
The freezing wraith barely misses you.
You feel much better. You block the ice beast's attack.
Fannar closely misses you. The freezing wraith hits you!
The freezing wraith freezes you!!
* * * LOW HITPOINT WARNING * * *
The freezing wraith hits you.
* * * LOW HITPOINT WARNING * * *
The freezing wraith drains your vigour!
You feel yourself slow down. The freezing wraith hits you.
* * * LOW HITPOINT WARNING * * *
The freezing wraith freezes you!!
You die...

######
#########
.......
#........
.......
#........
.......
#........
............#
#........
............#
#W........
............#
#eY........
............#
#@Wp.......#
............#
#.W........#
............#
#..........#
......^.....#
#..........#
^...........#
#..........#
............#
#.)........#
............#
#..........#
............#
#..........#
............#
#..........#


You could see a death knight, Fannar, 3 freezing wraiths and an ice beast.

Vanquished Creatures
  A two-headed ogre (D:11)
  Pikel (D:6)
  A centaur skeleton (D:10)
  A gargoyle (D:11)
  Maggie (D:6)
  2 wyverns
  6 yaks (D:10)
  A hungry ghost (D:8)
  Menkaure (D:5)
  Edmund (D:5)
  Duvessa (D:6)
  Purgy (Sewer)
  2 orc warriors (D:10)
  6 sky beasts
  2 ice beasts
  A slave (D:6)
  2 ogres
  A black bear (D:10)
  2 necrophages
  A phantom (D:4)
  3 centaurs
  4 bullfrogs
  A wyvern zombie (D:5)
  A gnoll sergeant (D:8)
  7 scorpions
  Dowan (D:6)
  4 killer bees (D:8)
  A howler monkey (D:8)
  4 bullfrog zombies
  3 crimson imps
  2 quasits
  8 hounds
  8 orc wizards
  4 orc priests
  3 jellies
  Ijyb (D:5)
  4 iguanas
  2 worker ants
  A hound skeleton (D:8)
  A worker ant zombie (D:7)
  12 gnolls
  A river rat (D:5)
  5 adders
  3 shadow imps
  An ooze (D:5)
  An adder skeleton (D:6)
  3 worms
  3 dart slugs
  10 leopard geckos
  17 orcs
  4 giant cockroaches
  8 goblins
  7 hobgoblins
  5 jackals
  3 quokkas
  7 ball pythons
  5 bats (D:1)
  6 frilled lizards
  8 kobolds
  8 rats
215 creatures vanquished.

Vanquished Creatures (others)
  A hound zombie (D:6)
  An adder zombie (D:6)
2 creatures vanquished.

Grand Total: 217 creatures vanquished

Notes
Turn   | Place    | Note
-------+----------+-------------------------------------------
     0 | D:1      | BlueFish the Troll Hunter began the quest for the Orb.
     0 | D:1      | Reached XP level 1. HP: 19/19 MP: 0/0
    97 | D:1      | Reached XP level 2. HP: 28/28 MP: 1/1
   612 | D:2      | Reached XP level 3. HP: 27/35 MP: 2/2
   644 | D:2      | Reached skill level 1 in Unarmed Combat
  1477 | D:3      | Found a basalt altar of Yredelemnul.
  2150 | D:3      | Found a stormy altar of Qazlal.
  2247 | D:3      | Reached XP level 4. HP: 42/42 MP: 3/3
  2535 | D:4      | Reached skill level 2 in Unarmed Combat
  2547 | D:4      | Noticed a phantom
  2559 | D:4      | Killed a phantom
  2559 | D:4      | Reached skill level 3 in Unarmed Combat
  2559 | D:4      | Reached XP level 5. HP: 37/49 MP: 4/4
  2821 | D:4      | Noticed a centaur
  2826 | D:4      | Killed a centaur
  2826 | D:4      | Reached skill level 4 in Unarmed Combat
  2923 | D:4      | Reached XP level 6. HP: 27/57 MP: 5/5
  3168 | D:4      | Found a radiant altar of Vehumet.
  3392 | D:5      | Entered Level 5 of the Dungeon
  3437 | D:5      | Noticed a sky beast
  3455 | D:5      | Killed a sky beast
  3455 | D:5      | Reached skill level 1 in Stealth
  3455 | D:5      | Reached skill level 5 in Unarmed Combat
  3504 | D:5      | Reached XP level 7. HP: 66/66 MP: 6/6
  3519 | D:5      | Found a glowing drain.
  3523 | Sewer    | Entered a sewer
  3595 | Sewer    | Noticed Purgy
  3604 | Sewer    | Killed Purgy
  3718 | D:5      | Noticed Ijyb
  3728 | D:5      | Killed Ijyb
  3732 | D:5      | Reached skill level 6 in Unarmed Combat
  3796 | D:5      | Found an opulent altar of Gozag.
  3835 | D:5      | Noticed Edmund
  3848 | D:5      | Killed Edmund
  4192 | D:5      | Noticed Menkaure
  4195 | D:5      | Killed Menkaure
  4195 | D:5      | Reached skill level 7 in Unarmed Combat
  4195 | D:5      | Reached XP level 8. HP: 57/75 MP: 7/7
  4221 | D:5      | Found a shattered altar of Ashenzari.
  4365 | D:6      | Reached skill level 8 in Unarmed Combat
  4371 | D:6      | Noticed Maggie
  4399 | D:6      | Killed Maggie
  4408 | D:6      | Noticed Pikel
  4425 | D:6      | Reached skill level 9 in Unarmed Combat
  4437 | D:6      | Killed Pikel
  4437 | D:6      | Reached XP level 9. HP: 21/84 MP: 8/8
  4562 | D:6      | Found a shimmering altar of Xom.
  4644 | D:6      | Found a runed translucent gate.
  4644 | D:6      | Found a runed translucent gate.
  4644 | D:6      | Found a runed translucent gate.
  4653 | D:6      | Noticed pyrow613's ghost (novice DgAE)
  4711 | D:6      | Noticed Duvessa
  4711 | D:6      | Noticed Dowan
  4719 | D:6      | Killed Dowan
  4719 | D:6      | Reached skill level 10 in Unarmed Combat
  4732 | D:6      | Killed Duvessa
  4957 | D:6      | Found a glowing silver altar of Zin.
  4958 | D:6      | Found a white marble altar of Elyvilon.
  4959 | D:6      | Found a glowing golden altar of the Shining One.
  5018 | D:7      | Found a staircase to the Ecumenical Temple.
  5030 | Temple   | Entered the Ecumenical Temple
  5060 | Temple   | Became a worshipper of the Wu Jian Council
  5291 | D:7      | Found an ancient bone altar of Kikubaaqudgha.
  5556 | D:7      | Found a snail-covered altar of Cheibriados.
  5575 | D:7      | Found an iron altar of Okawaru.
  5922 | D:8      | Reached skill level 11 in Unarmed Combat
  6065 | D:8      | Reached * piety under Wu Jian
  6560 | D:9      | Reached XP level 10. HP: 94/94 MP: 9/9
  6715 | D:9      | Found a sacrificial altar of Ru.
  6786 | D:9      | Found a staircase to the Lair.
  7253 | D:10     | Entered Level 10 of the Dungeon
  7302 | D:10     | Reached skill level 12 in Unarmed Combat
  7815 | D:10     | Reached ** piety under Wu Jian
  7975 | D:10     | Found Fiurauw's General Store.
  8007 | D:10     | Reached skill level 13 in Unarmed Combat
  8111 | D:10     | Reached skill level 5 in Dodging
  8171 | D:11     | Noticed a gargoyle
  8175 | D:11     | Killed a gargoyle
  8175 | D:11     | Reached skill level 5 in Fighting
  8191 | D:11     | Noticed a two-headed ogre
  8199 | D:11     | Killed a two-headed ogre
  8307 | D:11     | Found a staircase to the Orcish Mines.
  8354 | D:11     | Noticed Fannar
  8357 | D:11     | Noticed a death knight
  8366 | D:11     | Mangled by a freezing wraith

Levels and vault maps discovered:
D:1:      dpeg_arrival_pits, layout_rooms, minmay_misc_feat_x
D:2:      layout_basic
D:3:      layout_basic, grunt_qazlal_clouds, yredelemnul_altar_generic,
          st_stairs_13
D:4:      layout_gridville, kennysheep_mini_moat, corexii_corridor_pit
D:5:      layout_basic, lemuel_crystal_altar,
          nicolae_gozag_cash_rules_everything_around_me, gup_sewer_entry_bowl,
          first_ration, uniq_menkaure, uniq_ijyb, uniq_edmund
D:6:      layout_basic, good_gods_temple_1, nicolae_overflow_crystal_walls,
          gammafunk_ghost_necromancy, uniq_pikel, uniq_duvessa, uniq_maggie
D:7:      layout_cave_pools, kennysheep_mini, lemuel_coloured_pillars_altar,
          okawaru_altar_gauntlet_db, minmay_temple_entry_mini_moons
D:8:      layout_basic
D:9:      layout_loops_ring, nicolae_ru_path_of_blood, dpeg_oklobed_lair
D:10:     layout_grid_maze, serial_shops, shop
D:11:     layout_long_grid, minmay_orc_entry_temple_small,
          gauntlet_entry_generic, trog_ov_bears_minmay, uniq_fannar, uniq_snorg
Temple:   compressed_dpeg_triangle_lava_temple

Skill      XL: |  1  2  3  4  5  6  7  8  9 10 |
---------------+-------------------------------+-----
Throwing       | 4 |  4.1
Dodging        | 2 3 4 5 |  5.0
Unarmed Combat | 1 3 4 5 7 9 11 13 | 13.6
Fighting       | 2 3 4 5 |  5.1
Stealth        | 1 2 |  2.2

Action                   |  1- 3 |  4- 6 |  7- 9 | 10-12 || total
-------------------------+-------+-------+-------+-------++-------
Melee: Unarmed           |   148 |    68 |   268 |   146 ||   630
       Punch             |       |     2 |    14 |     8 ||    24
Invok: Lunge             |       |       |    15 |    25 ||    40
       Whirlwind         |       |       |       |    23 ||    23
  Use: Scroll            |     7 |     1 |     7 |     4 ||    19
       Potion            |       |       |     1 |     3 ||     4
 Stab: Sleeping          |     1 |     1 |     2 |     2 ||     6
  Eat: Chunk             |    26 |    12 |    33 |    16 ||    87
Armor: Robe              |    59 |    13 |    75 |    34 ||   181
Dodge: Dodged            |    82 |    34 |   135 |    48 ||   299
Block: Other             |       |       |       |    16 ||    16
       Reflection        |       |       |       |     2 ||     2

Table legend:
 A = Non-vault XP
 B = Vault XP
 C = Vault XP percentage of total XP
 D = Non-vault monster count
 E = Vault monster count
 F = Vault count percentage of total count
                 A         B        C        D         E       F
            +---------+---------+-------+---------+---------+-------
      Total |    9194 |    1639 |  15.1 |     188 |      26 |  12.1
            +---------+---------+-------+---------+---------+-------
        D:1 |      37 |       0 |   0.0 |      22 |       0 |   0.0
        D:2 |      26 |       0 |   0.0 |      12 |       0 |   0.0
        D:3 |      73 |       4 |   5.2 |      16 |       2 |  11.1
        D:4 |     321 |       0 |   0.0 |       8 |       0 |   0.0
        D:5 |     700 |     397 |  36.2 |      16 |       7 |  30.4
        D:6 |     689 |    1084 |  61.1 |      24 |       4 |  14.3
        D:7 |     592 |      11 |   1.8 |      10 |       6 |  37.5
        D:8 |    1408 |       0 |   0.0 |      26 |       0 |   0.0
        D:9 |     942 |       0 |   0.0 |      17 |       0 |   0.0
       D:10 |    2883 |       0 |   0.0 |      28 |       0 |   0.0
       D:11 |    1523 |       0 |   0.0 |       9 |       0 |   0.0
      Sewer |       0 |     143 | 100.0 |       0 |       7 | 100.0
            +---------+---------+-------+---------+---------+-------
